 Dungeon Crawl Stone Soup version 0.30-a0-779-g7971cf19c3 (webtiles) character file.

Game seed: 17422322940685391283

60 Newt the Shooter (level 4, -2/30 HPs)
             Began as a Kobold Hunter on Feb 17, 2023.
             Slain by Grinder (6 damage)
             ... on level 3 of the Dungeon.
             The game lasted 00:01:07 (1960 turns).

Newt the Shooter (Kobold Hunter)                    Turns: 1960, Time: 00:01:08

Health: -2/30      AC: 13    Str:  8    XL:     4   Next: 25%
Magic:  4/4        EV:  5    Int: 10    God:
Gold:   120        SH:  5    Dex: 20    Spells: 3/3 levels left

rFire   . . .      SeeInvis .    a - +0 shortbow
rCold   + . .      Faith    .    (shield currently unavailable)
rNeg    . . .      Spirit   .    e - +4 chain mail {rC+}
rPois   .          Reflect  +    (no helmet)
rElec   .          Harm     .    (no cloak)
rCorr   .          Rampage  .    (no gloves)
Will    .....                    l - +0 pair of boots Stlth
                                 j - amulet of reflection
HPRegen 0.25/turn                (no ring)
MPRegen 0.09/turn                (no ring)

@: no status effects
A: small, no large weapons, nightstalker 3
a: no special abilities


You were on level 3 of the Dungeon.
You visited 1 branch of the dungeon, and saw 3 of its levels.

You collected 120 gold pieces.

Inventory:

Hand Weapons
 a - a +0 shortbow (weapon)
Armour
 c - a +0 leather armour
 e - a +4 chain mail of cold resistance (worn)
 l - a +0 pair of boots (worn)
Jewellery
 j - an amulet of reflection (around neck)
Scrolls
 b - a scroll of immolation
 f - a scroll of magic mapping
 i - a scroll of noise
Potions
 d - a potion of lignification
 g - a potion of might {unknown}
 h - a potion of degeneration
 k - a potion of attraction
 m - a potion of curing {unknown}


   Skills:
 + Level 4.6 Fighting
 - Level 5.3 Ranged Weapons
 - Level 2.4 Dodging
 - Level 1.3 Stealth


You had 3 spell levels left.
You didn't know any spells.
Your spell library was empty.

Dungeon Overview and Level Annotations

Branches:
Dungeon (3/15)

Altars:

Annotations:
D:3 Grinder


Innate Abilities, Weirdness & Mutations

You are small and have problems with some larger weapons.
You are completely attuned to the shadows.


Message History

The ufetubus hits you but does no damage.
You block the ufetubus's attack. Grinder gestures at you.
You suddenly lose the ability to move!
The ufetubus hits you but does no damage.
The ufetubus barely misses you.
Grinder rolls her eyes.
Grinder gestures at you. You resist with significant effort.
The ufetubus hits you but does no damage. x2
You can move again.
You shoot an arrow. The arrow closely misses Grinder.
The ufetubus hits you but does no damage.
You block the ufetubus's attack. Grinder hits you but does no damage.
You block the ufetubus's attack.
The ufetubus hits you but does no damage.
Grinder gestures at you. Pain shoots through your body!
The ufetubus hits you but does no damage. x2
You shoot an arrow.
The arrow hits Grinder but does no damage.
Grinder is heavily wounded.
You block the ufetubus's attack. The ufetubus barely misses you.
Grinder hits you but does no damage.
The ufetubus hits you but does no damage.
The ufetubus barely misses you.
Grinder says, "My boss said I was rubbish.
His entrails said otherwise."
Grinder hits you.
You writhe in agony.
* * * LOW HITPOINT WARNING * * *
The ufetubus barely misses you.
The ufetubus hits you but does no damage.
You are too injured to fight recklessly!
You are too injured to fight recklessly!
You are too injured to fight recklessly!
You are too injured to fight recklessly!
Unknown command.
Grinder attacks as you move away! Grinder hits you.
* * * LOW HITPOINT WARNING * * *
You writhe in agony.
You die...

#.#.### #.#.#..
#.#.... #.#....
#.55...
##########@###.#
#............#
#####.#####...#.#
#.....#.....#)#.#
#.#####.#.#.#.#.#
#.#...#.#<#.#.#.#
#†#.#.#...#.#.#
#.#.#...#.# #.#
#.#.....#.#


You could see Grinder and an ufetubus.

Vanquished Creatures
  2 adders (D:2)
  A gnoll (D:1)
  A worm (D:2)
  A dart slug (D:2)
  An endoplasm (D:2)
  3 goblins
  A hobgoblin (D:2)
  3 jackals (D:1)
  3 quokkas
  7 ball pythons
  2 bats (D:1)
  2 frilled lizards
  A rat (D:2)
28 creatures vanquished.

Notes
Turn   | Place    | Note
-------+----------+-------------------------------------------
     0 | D:1      | Newt the Kobold Hunter began the quest for the Orb.
     0 | D:1      | Reached XP level 1. HP: 12/12 MP: 1/1
   232 | D:1      | Reached XP level 2. HP: 18/18 MP: 2/2
   486 | D:1      | Reached XP level 3. HP: 23/23 MP: 3/3
  1578 | D:2      | Reached XP level 4. HP: 30/30 MP: 4/4
  1952 | D:3      | Noticed Grinder
  1955 | D:3      | Paralysed by Grinder for 2 turns
  1960 | D:3      | Slain by Grinder

Illustrated notes

Levels and vault maps discovered:
D:1:      dpeg_arrival_circle_labyrinth_b, layout_basic, minmay_tetromino_i4
D:2:      layout_rooms, hangedman_decor_riveting
D:3:      layout_basic, uniq_robin, uniq_grinder

Skill      XL: |  1  2  3 |
---------------+----------+-----
Fighting       | 3 4 |  4.6
Ranged Weapons | |  5.3
Dodging        | |  2.4
Stealth        | |  1.3

Action                     |  1- 3 |  4- 6 || total
---------------------------+-------+-------++-------
   Fire: Shortbow          |    71 |    22 ||    93
    Use: Scroll            |     4 |     2 ||     6
         Potion            |     1 |       ||     1
 Armour: Leather armour    |    10 |       ||    10
         Chain mail        |    30 |    31 ||    61
  Dodge: Dodged            |    31 |     8 ||    39
  Block: Other             |     8 |    10 ||    18
         Reflection        |     1 |       ||     1

Table legend: (Time is in decaauts)
 A = Elapsed time spent in this place.
 B = Non-inter-level travel time spent in this place.
 C = Inter-level travel time spent in this place.
 D = Time resting spent in this place.
 E = Time spent auto-exploring this place.
 F = Levels seen in this place.
 G = Mean time per level.
                   A        B        C        D        E       F      G
               +--------+--------+--------+--------+--------+-----+--------+
         Total |   2036 |   1975 |     61 |    248 |   1472 |   3 |  678.7 |
       Dungeon |   2036 |   1975 |     61 |    248 |   1472 |   3 |  678.7 |
               +--------+--------+--------+--------+--------+-----+--------+

Top non-repeatable levels by time:
     D:1: 1216 daAuts
     D:2: 734 daAuts
     D:3: 84 daAuts
